 Dungeon Crawl Stone Soup version 0.29.1-12-g30fa7ad0bf (webtiles) character file.

Game seed: 11994073714297201060

3103 CaptainMV the Shooter (level 9, -3/71 HPs)
             Began as a Yellow Draconian Venom Mage on Dec 19, 2022.
             Was an Initiate of Gozag.
             Slain by a komodo dragon (23 damage)
             ... on level 7 of the Dungeon.
             The game lasted 01:31:51 (6305 turns).

CaptainMV the Shooter (Yellow Draconian Venom Mage) Turns: 6305, Time: 01:31:52

Health: -3/71      AC:  7    Str: 10    XL:     9   Next: 59%
Magic:  2/16       EV: 13    Int: 23    God:    Gozag
Gold:   932        SH:  5    Dex: 15    Spells: 10/18 levels left

rFire   . . .      SeeInvis .   a - +0 sling (freeze)
rCold   . . .      Faith    .   (no shield)
rNeg    . . .      Spirit   .   (body armour unavailable)
rPois   .          Reflect  +   (helmet restricted)
rElec   .          Harm     .   (no cloak)
rCorr   +          Rampage  .   (no gloves)
Will    .....                   (no boots)
Stlth   ++........              h - amulet of reflection
HPRegen 0.21/turn               i - +6 ring of intelligence
MPRegen 0.15/turn               (no ring)

@: no status effects
A: spit acid, AC +7, unfitting armour, cold-blooded, acid resistance
a: Breathe Acid, Renounce Religion, Potion Petition, Call Merchant, Bribe Branch


You were on level 7 of the Dungeon.
You worshipped Gozag.
Gozag was pleased with you.
You visited 2 branches of the dungeon, and saw 8 of its levels.
You also visited: Ossuary.

You collected 1016 gold pieces.
You paid 84 gold pieces to Gozag.

Inventory:

Hand Weapons
 a - a +0 sling of freezing (weapon)
 b - a +1 vorpal hand axe
 l - a +0 spear
Missiles
 C - a silver boomerang
Magical Staves
 F - a staff of conjuration
Jewellery
 d - a ring of resist corrosion
 h - an amulet of reflection (around neck)
 i - a +6 ring of intelligence (left hand)
 n - an amulet of regeneration
 s - a ring of poison resistance
Wands
 j - a wand of roots (4)
 y - a wand of flame (20)
 A - a wand of paralysis (5)
 I - a wand of mindburst (13)
Scrolls
 e - 4 scrolls of teleportation
 m - a scroll of enchant armour
 t - 2 scrolls of poison
 u - a scroll of torment
 w - a scroll of vulnerability
 x - a scroll of butterflies {unknown}
 z - a scroll of enchant weapon {unknown}
 D - 2 scrolls of summoning
 G - a scroll of fear
 H - 2 scrolls of blinking
Potions
 c - a potion of might {unknown}
 f - 4 potions of magic
 g - 2 potions of mutation {unknown}
 k - 3 potions of flight {unknown}
 o - a potion of curing {unknown}
 p - a potion of resistance {unknown}
 q - a potion of ambrosia {unknown}
 r - 2 potions of degeneration {unknown}
 v - 2 potions of lignification
 B - a potion of cancellation {unknown}
 E - a potion of haste {unknown}


   Skills:
 + Level 3.8 Fighting
 + Level 3.1 Axes
 + Level 7.2 Ranged Weapons
 + Level 4.1 Dodging
 + Level 2.3 Stealth
 + Level 1.3 Shields
 + Level 5.0 Spellcasting
 + Level 4.2 Transmutations
 + Level 1.6 Fire Magic
 + Level 5.3 Poison Magic


You had 10 spell levels left.
You knew the following spells:

 Your Spells              Type           Power      Damage    Failure   Level
a - Sting                 Tmut/Pois      100%       1d8       1%          1
b - Ignite Poison         Fire/Tmut/Pois 22%        N/A       6%          3
c - Olgreb's Toxic Radia  Pois           30%        N/A       11%         4

Your spell library contained the following spells:

 Spells                   Type           Power      Damage    Failure   Level
 Poisonous Vapours        Pois/Air       36%        N/A       4%          2
 Shock                    Conj/Air       20%        1d4       10%         1
 Slow                     Hex            20%        N/A       10%         1
 Mephitic Cloud           Conj/Pois/Air  14%        N/A       14%         3
 Confusing Touch          Hex            5%         N/A       28%         3
 Ozocubu's Armour         Ice            5%         N/A       28%         3
 Swiftness                Air            5%         N/A       28%         3
 Vampiric Draining        Necr           5%         2d6       28%         3
 Airstrike                Air            2%         2d(1-17)  67%         4
 Freezing Cloud           Conj/Ice/Air   2%         6-21      95%         5
 Metabolic Englaciation   Hex/Ice        2%         N/A       95%         5
 Corpse Rot               Necr/Pois/Air  Unusable   N/A       N/A         4
 Simulacrum               Ice/Necr       Unusable   N/A       N/A         6

Dungeon Overview and Level Annotations

Branches:
Dungeon (7/15)             Temple (1/1) D:5         Ossuary (visited)

Altars:
Ashenzari
Cheibriados
Fedhas
Gozag
Kikubaaqudgha
Makhleb
Nemelex Xobeh
Okawaru
Qazlal
Ru
Sif Muna
Trog
Uskayaw
Vehumet
Wu Jian
Xom
Yredelemnul
Zin

Shops:
D:1 ?


Innate Abilities, Weirdness & Mutations

You can spit globs of acid.
Your golden yellow scales are hard. (AC +7)
You cannot fit into any form of body armour.
You are cold-blooded and may be slowed by cold attacks.
You are resistant to acid. (rCorr)


Message History

Aim: a komodo dragon (68% to hit)
You shoot a sling bullet.
The sling bullet hits the komodo dragon.
The komodo dragon seems to slow down.
The sling bullet freezes the komodo dragon.
The komodo dragon is lightly wounded.
Casting: Ignite Poison (dangerous; 6% risk of failure)
Confirm with . or Enter, or press ? or * to list all spells.
Aiming: Sting (safe; 1% risk of failure)
Press: ? - help, Shift-Dir - straight line, f/p - komodo dragon
Aim: a komodo dragon (lightly wounded, slow, 84% to hit)
The sting hits the komodo dragon.
The komodo dragon is poisoned.
The komodo dragon is lightly wounded.
The komodo dragon is no longer moving slowly.
Casting: Sting (safe; 1% risk of failure)
Confirm with . or Enter, or press ? or * to list all spells.
You ignite the poison in your surroundings!
The komodo dragon seems to burn from within!
The komodo dragon is heavily wounded.
The komodo dragon attacks as you move away!
The komodo dragon bites you!!
* * * LOW HITPOINT WARNING * * *
Items here: $ )) [.
Fire: a) +0 sling (freeze)
Press: ? - help, Q - select action, (/) - cycle Shift-Dir - straight line, f/p - komodo dragon
Aim: a komodo dragon (heavily wounded, 68% to hit)
You shoot a sling bullet.
The sling bullet hits the komodo dragon but does no damage.
The komodo dragon is heavily wounded.
You block the komodo dragon's attack.
Fire: a) +0 sling (freeze)
Press: ? - help, Q - select action, (/) - cycle Shift-Dir - straight line, f/p - komodo dragon
Aim: a komodo dragon (heavily wounded, 68% to hit)
You shoot a sling bullet.
The sling bullet hits the komodo dragon.
The sling bullet freezes the komodo dragon.
The komodo dragon is severely wounded.
The komodo dragon bites you!!
You die...
Your body crumbles into a pile of gold.

##.## ##.#.# #...# #.#.# #...#
#.#.# #...# #.#.# ##.## $ #....
##.## ##.## #######...##### #.#.
............l.# #.#.
######.#####@# #.#.
#.........#.# # #.##
#.........#$# #.########...
#.........#$####).).....))..
..###.........#$$.##.........#..
z.....................#....)..).
#l###.........#.#.##......(..##.
#.........#.#.##......#####.
#.........#.#.......#. #..


You could see a komodo dragon.

Vanquished Creatures
  Prince Ribbit (D:7)
  A steam dragon (D:7)
  A water moccasin (D:7)
  3 ice beasts (D:7)
  4 ogres
  2 phantoms
  7 necrophages
  2 elf zombies (Ossuary)
  7 scorpions
  2 howler monkeys
  2 centaur zombies (Ossuary)
  2 gnoll boudas
  A jelly (D:7)
  A human zombie (Ossuary)
  5 hounds
  4 iguanas
  4 orc wizards
  2 mummies (Ossuary)
  5 gnolls
  7 adders
  2 white imps
  2 ufetubi
  4 adder zombies (Ossuary)
  2 worms
  2 dart slugs
  25 orcs
  6 endoplasms
  2 giant cockroaches
  8 goblins
  9 hobgoblins
  7 kobolds
  2 quokkas
  9 ball pythons
  8 bats
  3 frilled lizards
  8 hobgoblin zombies (Ossuary)
  A jackal zombie (Ossuary)
  10 kobold zombies (Ossuary)
  7 orc zombies (Ossuary)
  10 rats
  2 rat zombies (Ossuary)
192 creatures vanquished.

Vanquished Creatures (collateral kills)
  An iguana (D:7)
1 creature vanquished.

Grand Total: 193 creatures vanquished

Notes
Turn   | Place    | Note
-------+----------+-------------------------------------------
     0 | D:1      | CaptainMV the Draconian Venom Mage began the quest for the
                  | Orb.
     0 | D:1      | Reached XP level 1. HP: 14/14 MP: 3/3
    75 | D:1      | Found Lony's Magic Scroll Shop.
   331 | D:1      | Noticed an eye of devastation
   333 | D:1      | Found a faded altar of an unknown god.
   337 | D:1      | Noticed a golden eye
   337 | D:1      | Noticed a shining eye
   337 | D:1      | Noticed an eye of devastation
   346 | D:1      | Reached XP level 2. HP: 20/20 MP: 3/5
   870 | D:2      | Reached XP level 3. HP: 26/26 MP: 1/6
   963 | D:2      | Reached skill level 1 in Ranged Weapons
  1328 | D:2      | Identified the +1 pair of boots "Dorhoon" {Harm rN+++
                  | Will-}
  1545 | D:2      | Learned a level 3 spell: Ignite Poison
  1672 | D:3      | Reached XP level 4. HP: 33/33 MP: 5/7
  1703 | D:3      | Found an ornate altar of the Wu Jian Council.
  1875 | D:3      | Found a hide-covered altar of Uskayaw.
  2243 | D:3      | Reached skill level 2 in Ranged Weapons
  2535 | D:4      | Reached skill level 1 in Fighting
  2535 | D:4      | Reached XP level 5. HP: 40/40 MP: 3/8
  2643 | D:4      | Reached XP level 6. HP: 31/47 MP: 0/10
  3052 | D:5      | Entered Level 5 of the Dungeon
  3052 | D:5      | Found a staircase to the Ecumenical Temple.
  3079 | Temple   | Entered the Ecumenical Temple
  3255 | Temple   | Became a worshipper of Gozag Ym Sagoz the Greedy
  3302 | D:5      | Reached skill level 3 in Ranged Weapons
  3419 | D:5      | Found a radiant altar of Vehumet.
  3476 | D:5      | Found a sparkling altar of Nemelex Xobeh.
  3531 | D:5      | Your scales start taking on a golden yellow colour.
  3531 | D:5      | Reached XP level 7. HP: 53/53 MP: 0/12
  3531 | D:5      | Gained mutation: You are resistant to acid. (rCorr) [Yellow
                  | Draconian growth]
  3639 | D:5      | Reached skill level 1 in Fire Magic
  3738 | D:5      | Reached skill level 4 in Ranged Weapons
  3853 | D:5      | You fall into a shaft and drop 1 floor!
  3951 | D:6      | Reached XP level 8. HP: 43/59 MP: 3/14
  4040 | D:6      | Reached skill level 5 in Poison Magic
  4173 | D:6      | Reached skill level 5 in Ranged Weapons
  4369 | D:6      | Learned a level 4 spell: Olgreb's Toxic Radiance
  4634 | D:6      | Reached skill level 6 in Ranged Weapons
  4759 | D:7      | Found a shimmering blue altar of Sif Muna.
  4854 | D:7      | Reached XP level 9. HP: 29/68 MP: 15/15
  4883 | D:7      | Noticed Prince Ribbit
  4899 | D:7      | Killed Prince Ribbit
  4900 | D:7      | Reached skill level 1 in Shields
  4944 | D:7      | Found a sand-covered staircase.
  4950 | Ossuary  | Entered an ossuary
  5422 | Ossuary  | Reached skill level 1 in Axes
  5916 | D:7      | Reached skill level 7 in Ranged Weapons
  6096 | D:7      | Reached skill level 5 in Spellcasting
  6141 | D:7      | Noticed a komodo dragon
  6305 | D:7      | Slain by a komodo dragon

Illustrated notes

Levels and vault maps discovered:
D:1:      mrwooster_arrival_statue_3, layout_loops_corners,
          hellmonk_ecumenical_altar_watching_god, serial_shops, shop
D:2:      layout_loops_corners
D:3:      minmay_door_path, layout_loops_ring, mainiacjoe_overflow_24_doors,
          eat_drink_and_be_merry_uskayaw
D:4:      layout_loops_ring, kennysheep_small_square
D:5:      layout_loops_corners, marbit_many_paths, vehumet_altar_wand_db,
          minmay_temple_entry_statues_fountains
D:6:      layout_loops_corners, minmay_circle_x
D:7:      layout_loops_cross, nicolae_sif_muna_condensation, enter_ossuary_2,
          grunt_decor_resistance, minmay_the_grid_2x2
          [minmay_the_grid_stretched_grid, minmay_the_grid_x,
          minmay_the_grid_empty, minmay_the_grid_prize_trominoes],
          uniq_prince_ribbit1
Temple:   oiseaux_autumnal_temple

Skill      XL: |  1  2  3  4  5  6  7  8  9 |
---------------+----------------------------+-----
Ranged Weapons | 1 2 3 4 6 7 |  7.2
Transmutations | 2 3 4 |  4.2
Fighting       | 1 2 3 |  3.8
Dodging        | 2 3 4 |  4.1
Poison Magic   | 4 5 |  5.3
Stealth        | 2 |  2.3
Spellcasting   | 3 4 5 |  5.0
Fire Magic     | 1 |  1.6
Shields        | 1 |  1.3
Axes           | 3 |  3.1

Action                   |  1- 3 |  4- 6 |  7- 9 || total
-------------------------+-------+-------+-------++-------
Melee: Tailslap          |     1 |       |    36 ||    37
       Spear             |     1 |       |       ||     1
       Sling             |       |     1 |       ||     1
       Hand axe          |       |       |   211 ||   211
       Punch             |       |       |     5 ||     5
 Fire: Sling             |    42 |   111 |   233 ||   386
Throw: Boomerang         |       |       |     8 ||     8
 Cast: Sting             |    52 |    48 |    75 ||   175
       Ignite Poison     |     1 |    18 |    28 ||    47
       Olgreb's Toxic Ra |       |       |     3 ||     3
 Abil: Breathe Acid      |       |       |    12 ||    12
  Use: Scroll            |     2 |     1 |     6 ||     9
       Potion            |       |       |     1 ||     1
 Stab: Sleeping          |       |       |     2 ||     2
       Distracted        |       |       |     1 ||     1
Armor: Skin              |    17 |    32 |   123 ||   172
Dodge: Dodged            |    16 |    56 |   171 ||   243
Block: Other             |     6 |    27 |    76 ||   109
       Reflection        |       |     2 |       ||     2
